 Dungeon Sprint DCSS version 0.27-a0-1081-ge8a0a9c698 (webtiles) character file.

Game seed: 14236626972992902406

17915 mhtbhm the Scorcher (level 12, -11/59 HPs)
             Began as a Deep Elf Fire Elementalist on Apr 25, 2021.
             Was the Champion of Vehumet.
             Killed by divine providence
             ... invoked by a red draconian stormcaller
              (17 damage)
             ... in the Dungeon (Sprint V: "Ziggurat Sprint").
             The game lasted 00:08:48 (1310 turns).

mhtbhm the Scorcher (Deep Elf Fire Elementalist)    Turns: 1310, Time: 00:08:50

Health: -11/59     AC: 11    Str:  5    XL:     12   Next: 23%
Magic:  26/34      EV: 17    Int: 44    God:    Vehumet [******]
Gold:   0          SH:  5    Dex: 15    Spells: 5/44 levels left

rFire    + . .     SeeInvis .   C - +8 lance "Wyrmbane" {slay drac, rPois rF+ rC+ AC+3}
rCold    + . .     Faith    .   (no shield)
rNeg     . . .     Spirit   .   a - +2 robe {Will+}
rPois    +         Reflect  +   k - +2 hat of Unambiguity {Int+6}
rElec    .         Harm     .   D - +1 cloak {rCorr}
rCorr    +         Rampage  .   (no gloves)
Will     ++...     NoTele   +   s - +0 pair of boots {Stlth+}
Stlth    ++++......             F - amulet of reflection
HPRegen  0.19/turn              u - +6 ring of intelligence
MPRegen  0.24/turn              v - +6 ring of intelligence

@: no status effects
A: deformed body
a: Renounce Religion


You were in the Dungeon.
You worshipped Vehumet.
Vehumet was exalted by your worship.
You visited 1 branch

Inventory:

Hand Weapons
 C - the +8 lance "Wyrmbane" (weapon) {slay drac, rPois rF+ rC+ AC+3}
   (You found it in the Dungeon)

   It affects your AC (+3).
   It protects you from fire.
   It protects you from cold.
   It protects you from poison.
Missiles
 w - 2 throwing nets
Armour
 a - a +2 robe of willpower (worn)
 k - the +2 hat of Unambiguity (worn) {Int+6}
   (You found it in the Dungeon)

   It affects your intelligence (+6).
 r - a +1 helmet of see invisible
 s - a +0 pair of boots of stealth (worn)
 D - a +1 cloak of preservation (worn)
Jewellery
 u - a +6 ring of intelligence (left hand)
 v - a +6 ring of intelligence (right hand)
 F - an amulet of reflection (around neck)
Wands
 y - a wand of mindburst (6)
 z - a wand of iceblast (5)
 A - a wand of acid (4)
Scrolls
 h - 4 scrolls of blinking
 m - 4 scrolls of amnesia
 n - 7 scrolls of fog
 o - a scroll of holy word
 p - 5 scrolls of identify
 t - a scroll of brand weapon
Potions
 b - 2 potions of brilliance
 c - 10 potions of curing
 d - 9 potions of heal wounds
 e - 10 potions of haste
 f - 7 potions of magic
 g - 3 potions of berserk rage
 i - 2 potions of invisibility
 j - 4 potions of resistance
 l - 5 potions of might
Miscellaneous
 q - a tin of tremorstones (2/2)
 x - a condenser vane (inert)
 B - a lightning rod (4/4)
 E - a box of beasts


   Skills:
 + Level 10.9 Dodging
 - Level 6.8 Stealth
 + Level 16.7 Spellcasting
 + Level 10.7 Conjurations
 + Level 18.4 Fire Magic
 * Level 12.0 Earth Magic
 + Level 8.7 Evocations


You had 5 spell levels left.
You knew the following spells:

 Your Spells              Type           Power      Damage    Failure   Level
a - Foxfire               Conj/Fire      100%       2x1d9     0%          1
b - Conjure Flame         Conj/Fire      100%       6-21      0%          3
c - Inner Flame           Hex/Fire       87%        N/A       1%          3
d - Sticky Flame          Conj/Fire      100%       2d11      0%          4
e - Fireball              Conj/Fire      52%        3d20      1%          5
f - Iron Shot             Conj/Erth      47%        9d9       1%          6
g - Shatter               Erth           48%        3d37*     71%         9
h - Ignition              Fire           57%        3d16      1%          8

Your spell library contained the following spells:

 Spells                   Type           Power      Damage    Failure   Level
 Fulminant Prism          Conj/Hex       35%        3d18      1%          4
 Stone Arrow              Conj/Erth      100%       3d13      0%          3
 Animate Skeleton         Necr           72%        N/A       1%          1
 Corona                   Hex            40%        N/A       1%          1
 Freeze                   Ice            100%       1d11      1%          1
 Blink                    Tloc           N/A        N/A       1%          2
 Corpse Rot               Necr/Air       N/A        N/A       1%          2
 Ensorcelled Hibernation  Hex/Ice        72%        N/A       1%          2
 Passwall                 Tmut/Erth      61%        N/A       1%          2
 Slow                     Hex            36%        N/A       1%          2
 Static Discharge         Conj/Air       71%        N/A       1%          2
 Gell's Gravitas          Tloc           18%        N/A       1%          3
 Lesser Beckoning         Tloc           18%        N/A       1%          3
 Portal Projectile        Hex/Tloc       72%        N/A       1%          3
 Swiftness                Air            36%        N/A       1%          3
 Teleport Other           Tloc           36%        N/A       1%          3
 Animate Armour           Summ/Erth      100%       N/A       1%          4
 Iskenderun's Mystic Bla  Conj/Tloc      71%        2d14      1%          4
 Leda's Liquefaction      Hex/Erth       37%        N/A       1%          4
 Petrify                  Tmut/Erth      74%        N/A       1%          4
 Bolt of Magma            Conj/Fire/Erth 51%        4d21      1%          5
 Borgnjor's Vile Clutch   Necr/Erth      37%        N/A       1%          5
 Irradiate                Conj/Tmut      35%        3d25      1%          5
 Iskenderun's Battlesphe  Conj           92%        2d14      1%          5
 Lee's Rapid Deconstruct  Erth           48%        3d24*     1%          5
 Lightning Bolt           Conj/Air       35%        1d53      1%          5
 Yara's Violent Unravell  Hex/Tmut       18%        3d9       5%          5
 Cause Fear               Hex            18%        N/A       7%          4
 Passage of Golubria      Tloc           N/A        N/A       7%          4
 Hydra Form               Tmut           18%        N/A       19%         5
 Manifold Assault         Tloc           36%        N/A       19%         5
 Metabolic Englaciation   Hex/Ice        18%        N/A       19%         5
 Silence                  Hex/Air        18%        N/A       19%         5
 Summon Forest            Summ/Tloc      18%        N/A       19%         5
 Summon Mana Viper        Hex/Summ       36%        N/A       19%         5
 Orb of Destruction       Conj           46%        9d15      1%          7
 Statue Form              Tmut/Erth      49%        N/A       9%          6
 Spellforged Servitor     Conj/Summ      35%        N/A       17%         7
 Eringya's Noxious Bog    Tmut/Pois      18%        N/A       26%         6
 Blade Hands              Tmut           18%        N/A       71%         6
 Invisibility             Hex            36%        N/A       71%         6
 Shadow Creatures         Summ           N/A        N/A       71%         6
 Simulacrum               Ice/Necr       18%        N/A       71%         6
 Dragon Form              Tmut           18%        N/A       99%         7
 Malign Gateway           Summ/Tloc      18%        N/A       99%         7
 Summon Hydra             Summ           18%        N/A       99%         7
 Discord                  Hex            18%        N/A       100%        8
 Tornado                  Air            18%        N/A       100%        9


Dungeon Overview and Level Annotations

Branches:
Dungeon (1/1)

Altars:
Ashenzari
Cheibriados
Dithmenos
Elyvilon
Fedhas
Gozag
Hepliaklqana
Kikubaaqudgha
Makhleb
Nemelex Xobeh
Okawaru
Qazlal
Ru
Sif Muna
Trog
Uskayaw
Vehumet
Wu Jian
Xom
Yredelemnul
Zin
The Shining One
Beogh
Jiyva
Lugonu


Innate Abilities, Weirdness & Mutations

Armour fits poorly on your strangely shaped body.


Message History

You hear a sizzling sound!
The purple draconian breathes dispelling energy at you.
The bolt of dispelling energy hits you!!!
Ouch! That really hurt!
* * * LOW HITPOINT WARNING * * *
The purple draconian is engulfed in poison gas.
The purple draconian is poisoned.
Unknown command.
Casting: Fireball (safe; 1% risk of failure)
Confirm with . or Enter, or press ? or * to list all spells.
Aiming: Fireball (safe; 1% risk of failure)
Press: ? - help, Shift-Dir - straight line, f - white draconian, p - white draconian
Aim: a white draconian, wielding a +0 glaive (severely wounded, very poisoned)
The fireball explodes!
The fireball engulfs the black draconian!!
The black draconian is almost dead.
The fireball engulfs the white draconian!!
The white draconian is severely wounded.
The fireball engulfs the white draconian!!!
You kill the white draconian!
Vehumet accepts your kill.
Vehumet offers you knowledge of Fulminant Prism.
You feel your power returning.
The fireball engulfs the purple draconian!!
The purple draconian is severely wounded.
The black draconian breathes lightning at you.
The bolt of lightning misses you.
The red draconian is engulfed in poison gas.
The red draconian looks even sicker.
The white draconian is engulfed in poison gas.
The white draconian is poisoned.
The red draconian breathes fire at you. The searing blast misses you.
The white draconian is engulfed in poison gas.
The white draconian looks even sicker.
The red draconian stormcaller is engulfed in poison gas.
The red draconian stormcaller looks even sicker.
The red draconian stormcaller invokes the aid of Qazlal against you.
Qazlal smites you!
You die...

▓▓▓▓▓▓▓▓▓▓▓
▓..§§dd§d§..▓...8©8...▓
▓..§q§§d§§..▓..:})=)..▓
▓..ddddd....▓...).....▓
.....d.....▓.........▓
......... ▓....)....▓
▓.....▓ ▓.........▓
▓▓...▓▓ ▓....†....▓
▓..▓..@..▓..▓.........▓
▓.....©.....▓....©....▓
▓▓▓▓▓▓▓▓▓▓▓▓▓▓▓▓▓▓▓▓▓▓▓
▓...8©8...▓...8©8...▓..
▓..||).:..▓..)|[....▓..
▓...)).)..▓...)[}:..▓..
▓.........▓.....)...▓..
▓.........▓....|....▓..
▓.........▓......)..▓..


You could see 2 draconians, a yellow draconian, 2 draconians, 2 draconians, 3
draconians and a red draconian stormcaller (very poisoned).

Vanquished Creatures
  A shadow dragon (D)
  A white draconian (D)
  4 soul eaters (D)
  2 shining eyes (D)
  A black mamba (D)
  2 naga magi (D)
  A guardian serpent (D)
  6 rime drakes (D)
  4 merfolk (D)
  5 jumping spiders (D)
  A slime creature (D)
  A ynoxinul (D)
  A steam dragon (D)
  6 water moccasins (D)
  2 acid dragons (D)
  5 nagas (D)
  A small abomination (D)
  2 centaurs (D)
  3 scorpions (D)
  A crimson imp (D)
  2 jellies (D)
  3 iron imps (D)
  6 adders (D)
  2 white imps (D)
  2 ufetubi (D)
  An adder zombie (D)
  An adder skeleton (D)
  A bat skeleton (D)
  A bat zombie (D)
  An endoplasm (D)
  A ball python (D)
  A ball python skeleton (D)
  A ball python zombie (D)
  A jackal zombie (D)
  2 quokka zombies (D)
76 creatures vanquished.

Notes
Turn   | Place    | Note
-------+----------+-------------------------------------------
     0 | D        | mhtbhm the Deep Elf Fire Elementalist began the quest for
                  | the Orb.
     0 | D        | Reached XP level 1. HP: 10/10 MP: 6/6
     0 | D        | Found a shimmering blue altar of Sif Muna.
     0 | D        | Found a bloodstained altar of Trog.
     0 | D        | Found a sacrificial altar of Ru.
     0 | D        | Found a stormy altar of Qazlal.
     0 | D        | Found an iron altar of Okawaru.
     1 | D        | Found a sparkling altar of Nemelex Xobeh.
     1 | D        | Found a blossoming altar of Fedhas.
     2 | D        | Found the +6 Majin-Bo {vamp, MP+6 Int+6}
     2 | D        | Found the +9 heavy crossbow "Sniper" {vorpal, Acc+∞ SInv}
     2 | D        | Found the +10 dark maul {vorpal}
     2 | D        | Found the +15 Maxwell's patent armour {-Cast -Tele rElec
                  | Will+ rCorr}
     2 | D        | Found the +18 shield of the Gong {rElec rN+ Will+ EV-5}
     2 | D        | Found the +14 obsidian axe {vorpal, Drain Fly SInv}
     2 | D        | Found the +7 great mace "Firestarter" {inner flame, rF++}
     2 | D        | Found the +6 shillelagh "Devastator" {shatter}
     2 | D        | Found the +11 plutonium sword {Contam Stlth-}
     2 | D        | Found the +8 lance "Wyrmbane" {slay drac, rPois rF+ rC+
                  | AC+3}
     2 | D        | Found the +9 sword of Zonguldrok {reap}
     2 | D        | Found the +13 scythe of Curses {drain, Drain}
     2 | D        | Found the +5 sword of Power {vorpal}
     2 | D        | Found the +7 mace of Variability {chain chaos}
     2 | D        | Found the +7 Singing Sword {vorpal, sonic wave}
     2 | D        | Found the +8 storm bow {elec, penet}
     3 | D        | Found a transporter.
     3 | D        | Found an ancient bone altar of Kikubaaqudgha.
     3 | D        | Found a viscous altar of Jiyva.
     3 | D        | Found a corrupted altar of Lugonu.
     3 | D        | Found a hazy altar of Hepliaklqana.
     3 | D        | Found a burning altar of Makhleb.
     3 | D        | Found an opulent altar of Gozag.
    42 | D        | Became a worshipper of Vehumet
    56 | D        | Entered arena 2.
    56 | D        | Noticed a steam dragon
    56 | D        | Noticed a rime drake
    56 | D        | Found a transporter.
    57 | D        | Found the +8 longbow "Zephyr" {speed, Dex+3 SInv}
    64 | D        | Killed a rime drake
    65 | D        | Reached skill level 5 in Stealth
    65 | D        | Reached skill level 10 in Fire Magic
    65 | D        | Reached XP level 2. HP: 13/15 MP: 7/12
    65 | D        | Reached XP level 3. HP: 16/19 MP: 7/13
    65 | D        | Reached XP level 4. HP: 21/24 MP: 8/15
    65 | D        | Reached XP level 5. HP: 24/28 MP: 8/16
    66 | D        | Killed a steam dragon
    67 | D        | Reached skill level 11 in Fire Magic
    67 | D        | Reached XP level 6. HP: 28/32 MP: 8/19
   105 | D        | Got Baottum's Collected Works on Snow and Black Magic
   139 | D        | Learned a level 3 spell: Conjure Flame
   143 | D        | Learned a level 3 spell: Inner Flame
   148 | D        | Learned a level 4 spell: Sticky Flame
   154 | D        | Learned a level 5 spell: Fireball
   156 | D        | Entered arena 3.
   156 | D        | Noticed a jumping spider
   156 | D        | Noticed a jumping spider
   156 | D        | Found a transporter.
   159 | D        | Reached * piety under Vehumet
   159 | D        | Offered knowledge of Sandblast by Vehumet.
   163 | D        | Killed a jumping spider
   164 | D        | Reached skill level 12 in Fire Magic
   164 | D        | Reached XP level 7. HP: 31/36 MP: 5/21
   165 | D        | Killed a jumping spider
   166 | D        | Reached skill level 13 in Fire Magic
   293 | D        | Learned a level 6 spell: Iron Shot
   295 | D        | Entered arena 4.
   295 | D        | Found a transporter.
   296 | D        | Reached ** piety under Vehumet
   296 | D        | Offered knowledge of Static Discharge by Vehumet.
   301 | D        | Reached skill level 1 in Earth Magic
   301 | D        | Reached XP level 8. HP: 34/41 MP: 13/23
   510 | D        | Entered arena 5.
   510 | D        | Found a transporter.
   511 | D        | Offered knowledge of Ignite Poison by Vehumet.
   511 | D        | Reached *** piety under Vehumet
   513 | D        | Reached skill level 10 in Spellcasting
   537 | D        | Entered arena 6.
   537 | D        | Noticed a jumping spider
   537 | D        | Noticed a jumping spider
   537 | D        | Noticed a jumping spider
   537 | D        | Found a transporter.
   539 | D        | Reached **** piety under Vehumet
   539 | D        | Killed a jumping spider
   540 | D        | Reached skill level 14 in Fire Magic
   540 | D        | Reached skill level 5 in Evocations
   541 | D        | Killed a jumping spider
   542 | D        | Killed a jumping spider
   594 | D        | Got the ring "Wakept" {rF+ Slay+3}
   598 | D        | Entered arena 7.
   598 | D        | Noticed a shining eye
   598 | D        | Noticed a shining eye
   598 | D        | Noticed a slime creature
   599 | D        | Reached ***** piety under Vehumet
   600 | D        | Reached skill level 5 in Earth Magic
   601 | D        | Killed a shining eye
   601 | D        | Killed a slime creature
   601 | D        | Gained mutation: Armour fits poorly on your strangely
                  | shaped body. [a shining eye]
   602 | D        | Reached skill level 5 in Conjurations
   602 | D        | Reached skill level 15 in Fire Magic
   602 | D        | Reached XP level 9. HP: 45/45 MP: 16/26
   602 | D        | Killed a shining eye
   603 | D        | Found a transporter.
   685 | D        | Learned a level 9 spell: Shatter
   686 | D        | Entered arena 8.
   686 | D        | Noticed a merfolk
   686 | D        | Noticed a merfolk
   686 | D        | Noticed a merfolk
   686 | D        | Noticed a merfolk
   688 | D        | Offered knowledge of Mephitic Cloud by Vehumet.
   689 | D        | Killed a merfolk
   689 | D        | Killed a merfolk
   689 | D        | Killed a merfolk
   690 | D        | Reached skill level 10 in Dodging
   690 | D        | Reached skill level 16 in Fire Magic
   690 | D        | Killed a merfolk
   690 | D        | Reached ****** piety under Vehumet
   731 | D        | Found a transporter.
   742 | D        | Got the ring "Peunuz" {rCorr Slay+3 Stlth+}
   759 | D        | Entered arena 9.
   759 | D        | Noticed a rime drake
   759 | D        | Noticed a rime drake
   759 | D        | Noticed a rime drake
   759 | D        | Noticed a rime drake
   759 | D        | Noticed a rime drake
   761 | D        | Reached XP level 10. HP: 36/50 MP: 22/28
   767 | D        | Found a transporter.
   881 | D        | Entered arena 10.
   881 | D        | Noticed a black mamba
   882 | D        | Offered knowledge of Lee's Rapid Deconstruction by Vehumet.
   883 | D        | Reached skill level 17 in Fire Magic
   885 | D        | Killed a black mamba
   887 | D        | Found a transporter.
   895 | D        | Got the ring "Gyn Jeac" {rPois rN+ Str-2 Dex+5 Slay+2}
   897 | D        | Got the ring "Suclant" {rN+ Will+ Str-5 Dex+4 Stlth+}
   972 | D        | Reached skill level 10 in Earth Magic
   972 | D        | Reached XP level 11. HP: 54/54 MP: 30/30
   974 | D        | Entered arena 11.
   975 | D        | Identified the +7 trident of Xom's Approval {venom, +Blink
                  | rC+ MP+9 Dex-4}
  1012 | D        | Found a transporter.
  1020 | D        | Got the +2 hat of Unambiguity {Int+6}
  1062 | D        | Entered arena 12.
  1063 | D        | Offered knowledge of Starburst by Vehumet.
  1069 | D        | Reached skill level 15 in Spellcasting
  1121 | D        | Found a transporter.
  1129 | D        | Got the Compendium of the Warped Mountains
  1156 | D        | Learned a level 8 spell: Ignition
  1158 | D        | Entered arena 13.
  1158 | D        | Noticed a shadow dragon
  1159 | D        | Killed a soul eater
  1159 | D        | Noticed a soul eater
  1160 | D        | Noticed a soul eater
  1161 | D        | Killed a soul eater
  1161 | D        | Noticed a soul eater
  1162 | D        | Reached skill level 10 in Conjurations
  1162 | D        | Killed a soul eater
  1163 | D        | Reached XP level 12. HP: 55/59 MP: 10/33
  1167 | D        | Reached skill level 18 in Fire Magic
  1167 | D        | Killed a shadow dragon
  1265 | D        | Found a transporter.
  1291 | D        | Acquired a +1 cloak of preservation
  1305 | D        | Entered arena 14.
  1306 | D        | Noticed a red draconian
  1306 | D        | Noticed a white draconian
  1306 | D        | Noticed a black draconian
  1306 | D        | Noticed a white draconian
  1306 | D        | Noticed a purple draconian
  1308 | D        | Noticed a purple draconian
  1308 | D        | Noticed a red draconian stormcaller
  1308 | D        | Noticed a red draconian
  1308 | D        | Noticed a white draconian
  1309 | D        | Identified the ring "Vyxto" {Str+2 SInv}
  1309 | D        | Noticed a yellow draconian
  1309 | D        | Noticed a white draconian
  1309 | D        | Identified the +1 broad axe of the Shining Light {elec,
                  | +Blink rElec}
  1309 | D        | Noticed a black draconian
  1310 | D        | Killed a white draconian
  1310 | D        | Offered knowledge of Fulminant Prism by Vehumet.
  1310 | D        | Killed from afar by a red draconian stormcaller

Illustrated notes

Levels and vault maps discovered:
D:        sprint_v [room_start, room_1, room_2, room_3, room_4, room_5, room_6,
          room_7, room_8, room_9, room_10, room_11, room_12, room_13, room_14,
          room_15, room_16, room_17, room_18, room_19, room_20, room_21,
          room_22, room_23, room_24, room_25, room_26, room_27]

Skill      XL: |  1  2  3  4  5  6  7  8  9 10 11 12 |
---------------+-------------------------------------+-----
Dodging        | 6 7 8 9 10 | 10.9
Stealth        | 5 6 |  6.8
Spellcasting   | 7 8 9 11 12 13 15 16 | 16.7
Conjurations   | 2 3 5 6 8 10 | 10.7
Fire Magic     | 10 11 12 13 15 16 17 18 | 18.4
Evocations     | 2 3 4 6 7 8 |  8.7
Earth Magic    | 1 6 7 10 11 12 | 12.0

Action                   |  1- 3 |  4- 6 |  7- 9 | 10-12 || total
-------------------------+-------+-------+-------+-------++-------
 Cast: Fireball          |       |     2 |    14 |    19 ||    35
       Sticky Flame      |       |       |     3 |     3 ||     6
       Ignition          |       |       |       |     5 ||     5
Evoke: Wand              |     5 |       |     1 |       ||     6
       Lightning rod     |       |     4 |     1 |     3 ||     8
       Tin of tremorston |       |       |     1 |     2 ||     3
       Condenser vane    |       |       |       |     3 ||     3
  Use: Scroll            |     1 |     1 |       |     1 ||     3
       Potion            |       |       |     1 |     1 ||     2
Armor: Robe              |       |       |       |     1 ||     1
Dodge: Dodged            |     1 |     2 |     6 |     8 ||    17

Table legend: (Time is in decaauts)
 A = Elapsed time spent in this place.
 B = Non-inter-level travel time spent in this place.
 C = Inter-level travel time spent in this place.
 D = Time resting spent in this place.
 E = Time spent auto-exploring this place.
 F = Levels seen in this place.
 G = Mean time per level.
                   A        B        C        D        E       F      G
               +--------+--------+--------+--------+--------+-----+--------+
         Total |   1308 |   1308 |      0 |    833 |      0 |   1 | 1308.0 |
       Dungeon |   1308 |   1308 |      0 |    833 |      0 |   1 | 1308.0 |
               +--------+--------+--------+--------+--------+-----+--------+

Top non-repeatable levels by time:
       D: 1308 daAuts
